[Event "*** Titled Tuesday Blitz"]
[Site "Chess.com"]
[Date "2020.05.12"]
[Round "6"]
[White "marianokar"]
[Black "Rodalquilar"]
[Result "0-1"]
[WhiteElo "2389"]
[BlackElo "2619"]
[TimeControl "180+1"]
[EndTime "11:07:23 PDT"]
[Termination "Rodalquilar won on time"]

1. e4 d5 2. exd5 Qxd5 3. Nc3 Qa5 4. d4 Nf6 5. Bc4 Bf5 6. Nf3 e6 7. Bd2 Bb4 8. a3 Bxc3 9. Bxc3 Qb6 10. d5 exd5 11. Bxd5 O-O 12. Bxf6 gxf6 13. O-O Bg6 14. Bb3 Na6 15. Qd4 Rad8 16. Qxb6 axb6 17. Rad1 Nc5 18.
Nd4 Nxb3 19. cxb3 Rd5 20. Nf3 Rfd8 21. Rxd5 Rxd5 22. Rc1 c5 23. Kf1 Rd3 24. b4 cxb4 25.
axb4 Rb3 26. Rd1 Rxb2 27. Rd4 b5 28. Nd2 Bf5 29. f4 Be6 30. Ke2 Bc4+ 31. Ke3 Rxb4 32. Rd7 Kg7 33. f5 h5 34. h4 Ba2 35. g3 Bb1 36. Rxb7 Bxf5 37. Nf3 Rb3+ 38. Kf4 Bg4 39. Nd4 Rd3 40. Nxb5 Rf3+ 41. Ke4 Rxg3 42. Rc7 Rh3 43.
Nd6 Be6 44. Nf5+ Bxf5+ 45. Kxf5 Rxh4 46. Rc1 Rg4 47. Rh1 Rg5+ 48. Kf4 Kg6 49. Rd1 Rg4+ 50.
Kf3 Rb4 51. Rd8 f5 52. Rg8+ Kf6 53. Rh8 h4 54. Kf2 Kg5 55. Kf3 Rb3+ 56. Kf2 Kg4 57. Rh7 h3 58. Rh8 h2 59. Rxh2 Rb2+ 60. Kg1 Rxh2 61.
Kxh2 Kf3 0-1

[Event "*** Titled Tuesday Blitz"]
[Site "Chess.com"]
[Date "2020.05.12"]
[Round "6"]
[White "AlexZambrano"]
[Black "mortngabriel"]
[Result "1-0"]
[WhiteElo "2305"]
[BlackElo "2433"]
[TimeControl "180+1"]
[EndTime "11:07:23 PDT"]
[Termination "AlexZambrano won on time"]

1. Nf3 c5 2. c4 Nc6 3. g3 e5 4. Nc3 Nge7 5. Bg2 g6 6. O-O Bg7 7. d3 O-O 8. Be3 d6 9. Qd2 Nf5 10. Bg5 f6 11. Be3 Be6 12. Bh3 Nce7 13. Qc1 Qd7 14.
Bd2 Nd4 15. Bxe6+ Qxe6 16. Nxd4 exd4 17. Nb5 Qd7 18. Bh6 a6 19. Na3 Rfe8 20. Bxg7 Kxg7 21. Re1 b5 22. Qf4 d5 23. cxb5 axb5 24. Nc2 b4 25. Rec1 Nf5 26. Ne1 c4 27. g4 Qd6 28. Qxd6 Nxd6 29. Kf1 c3 30. bxc3 dxc3 31. Nc2 Reb8 32. Rcb1 b3 33. axb3 Rxa1 34. Nxa1 d4 35. Nc2 Nb5 36.
Ra1 Kf7 37. Ke1 Ke6 38. Ra4 Ke5 39. h3 h5 40. e3 hxg4 41. hxg4 dxe3 42. fxe3 Rd8 43.
Ke2 Ke6 44. Ra5 Nd6 45. Ra6 Rb8 46. b4 Rc8 47. d4 Kd5 48. Kd3 f5 49. Ne1 Rd8 50.
gxf5 gxf5 51. Nc2 Re8 52. b5 Rb8 53. Nb4+ Ke6 54. Nc6 Rb6 55. Rxb6 1-0

[Event "*** Titled Tuesday Blitz"]
[Site "Chess.com"]
[Date "2020.05.12"]
[Round "6"]
[White "DonBroca"]
[Black "tamarozi99"]
[Result "0-1"]
[WhiteElo "2211"]
[BlackElo "1977"]
[TimeControl "180+1"]
[EndTime "11:07:23 PDT"]
[Termination "tamarozi99 won on time"]

1. e4 c5 2. Nf3 Nc6 3. d4 cxd4 4. Nxd4 g6 5. c4 d6 6. Nc3 Nf6 7. f3 Nxd4 8. Qxd4 Bg7 9. Be3 O-O 10. Be2 Ng4 11. Qd2 Nxe3 12. Qxe3 Be6 13. Rc1 Qa5 14.
O-O Rfc8 15. b3 a6 16. Qd2 Rab8 17. Rfd1 b5 18. Nd5 Qd8 19. cxb5 axb5 20. Rxc8 Rxc8 21. Bxb5 Bxd5 22. Qxd5 Rc5 23. Qd3 Qb6 24. Kf1 Qxb5 25. Qxb5 Rxb5 26. Rc1 Bd4 27. Rc4 Bc5 28. Ke2 Kf8 29.
Kd3 Ke8 30. Kc3 Kd7 31. b4 Bg1 32. a4 Rb8 33. h3 Bf2 34. a5 e6 35. Kb3 d5 36. Rc2 Be1 37. exd5 Rxb4+ 38. Ka3 exd5 39. Re2 Rb1 40. Ka4 Ra1+ 41. Kb5 Bxa5 42. Kc5 Rd1 43. Ra2 Be1 44. Ra7+ Ke6 45. Ra2 Kf5 46. g4+ Kf4 47. Ra7 f5 48. Rf7 Kxf3 49. gxf5 gxf5 50. Rxf5+ Ke4 51.
Rh5 d4 52. Rxh7 Kd3 53. Rg7 Kc3 54. Rf7 d3 55. Rf3 Kc2 56. h4 Bxh4 57. Rf4 Be1 58.
Rc4+ Kd2 59. Rg4 Kc1 60. Rc4+ Kb2 61. Rd4 d2 0-1

[Event "*** Titled Tuesday Blitz"]
[Site "Chess.com"]
[Date "2020.05.12"]
[Round "6"]
[White "jacky72"]
[Black "Sychev_Klementy"]
[Result "0-1"]
[WhiteElo "2654"]
[BlackElo "2859"]
[TimeControl "180+1"]
[EndTime "11:07:24 PDT"]
[Termination "Sychev_Klementy won by checkmate"]

1. d4 Nf6 2. c4 g6 3. Nc3 d5 4.
Nf3 Bg7 5. h4 c5 6. dxc5 Be6 7.
cxd5 Nxd5 8. Nxd5 Qxd5 9. Qxd5 Bxd5 10. g3 Na6 11. Bg2 Nb4 12. O-O Nc2 13. Bf4 Nxa1 14. Rxa1 Bxb2 15. Rb1 Bg7 16. Ne5 Bxg2 17. Kxg2 Bxe5 18.
Bxe5 f6 19. Bf4 O-O-O 20. c6 b6 21. Rc1 e5 22. Bh6 Rd6 23. f4 Kc7 24. fxe5 fxe5 25. Bg7 Re8 26. Rf1 Kxc6 27. Rc1+ Kb7 28. Rc2 Rd7 29. Bf6 Re6 30. Bg5 Rc6 31. Rb2 Rd5 32. Kf3 Rd4 33. e3 Ra4 34. Rd2 Rc7 35.
g4 Rf7+ 36. Kg3 Rc4 37. Rd5 Rc5 38. Rd8 a5 39. Re8 a4 40. h5 gxh5 41. gxh5 a3 42. Kg4 Rc4+ 43. Kg3 Rc2 44. Be7 Rxa2 45. Bd6 Ra1 46. Bxe5 Rg1+ 47. Kh2 Rg5 48. Bh8 a2 49. Re4 Rxh5+ 50. Kg3 Rg5+ 51. Kh4 Rg1 52. Ra4 Rf2 53. Be5 Rc2 54. Kh3 Rd1 55. Kg3 Rd5 56. Bd4 Ra5 57.
Rb4 a1=Q 58. Rxb6+ Kc7 59. Bxa1 Kxb6 60. Bd4+ Kc6 61. Kg4 Kd5 62. Kf4 Rc7 63. Kg3 Rf7 64. Bc3 Ra3 65. Bd2 Ke4 66. Kh4 Rxe3 67. Kh5 Rh3+ 68. Kg4 Rh2 69. Bf4 Rg7+ 70. Bg5 Rg2+ 71. Kh5 R7xg5+ 72. Kh6 R5g3 73. Kh5 Rh3# 0-1

[Event "*** Titled Tuesday Blitz"]
[Site "Chess.com"]
[Date "2020.05.12"]
[Round "6"]
[White "bancsoo"]
[Black "TST2014"]
[Result "1-0"]
[WhiteElo "2761"]
[BlackElo "2587"]
[TimeControl "180+1"]
[EndTime "11:07:24 PDT"]
[Termination "bancsoo won on time"]

1. Nf3 Nf6 2. g3 d5 3. Bg2 c5 4.
O-O g6 5. d4 cxd4 6. Nxd4 Bg7 7. c4 O-O 8. cxd5 Nxd5 9. Nc3 Nb6 10. Nb3 Nc6 11. Bg5 Bg4 12. h3 Bf5 13. Qc1 Qc8 14.
g4 Be6 15. Rd1 Re8 16. Nc5 Nd4 17. Nxe6 Qxe6 18. e3 Nc6 19. Qc2 Rac8 20. Qb3 Qxb3 21. axb3 h6 22. Bf4 e5 23. Bg3 a6 24. Ne4 Rcd8 25.
Nd6 Re7 26. Nxb7 Rxd1+ 27. Rxd1 Rxb7 28. Bxc6 Rc7 29. Rd8+ Kh7 30. Be4 Nd7 31. Bd5 Nb6 32.
Be4 Nd7 33. Ra8 Nc5 34. Bd5 Rd7 35. Bc4 Rb7 36. h4 f5 37. Bg8+ Kh8 38. Bd5+ Kh7 39. Bxb7 Nxb7 40. gxf5 gxf5 41. Rxa6 Nc5 42. Ra7 Kg6 43.
b4 Nd3 44. b5 f4 45. exf4 exf4 46. Rxg7+ Kxg7 47. b6 Nc5 48. Bxf4 h5 49. Be3 Nb7 50. Kg2 Kg6 51. Kf3 Kf5 52. Bf4 Nc5 53. Bc7 Nb7 54. Ke3 Kg4 55. Bg3 Kf5 56. Kd4 Ke6 57.
b4 Nd8 58. Kc5 Kd7 59. Bc7 Nb7+ 60. Kd5 Kc8 61. Ke5 Kd7 62. Kf5 Ke7 63. Kg5 Ke6 64. Kxh5 Kf5 65. Kh6 Kf6 66. h5 Kf7 67. Kg5 Kg7 68.
h6+ Kh7 69. Kh5 Kh8 70. Kg6 Kg8 71. h7+ 1-0

[Event "*** Titled Tuesday Blitz"]
[Site "Chess.com"]
[Date "2020.05.12"]
[Round "6"]
[White "SerGo055"]
[Black "124chess"]
[Result "1-0"]
[WhiteElo "2569"]
[BlackElo "2779"]
[TimeControl "180+1"]
[EndTime "11:07:24 PDT"]
[Termination "SerGo055 won by resignation"]

1. d4 d5 2. Nf3 e6 3. Bf4 c5 4. e3 Nf6 5. c3 Bd6 6. Bg3 O-O 7.
Nbd2 Qc7 8. Be2 Nbd7 9. O-O b6 10. a4 a6 11. Re1 Bb7 12. Qc2 Rac8 13. Rad1 Rfe8 14.
Bd3 h6 15. Qb1 e5 16. dxe5 Nxe5 17. Nxe5 Bxe5 18. Nf3 Bxg3 19. hxg3 Rcd8 20. Qc2 Re7 21. Rd2 Rde8 22. Red1 Qc8 23. c4 Qc7 24. cxd5 Nxd5 25. Bc4 Nb4 26. Qf5 Bxf3 27. gxf3 Qe5 28. Qxe5 Rxe5 29.
Rd6 Rf5 30. f4 Rf6 31. Rxf6 gxf6 32. Rd6 Rb8 33. Rxf6 Rb7 34. Rxh6 b5 35. axb5 axb5 36. Be2 c4 37. Rh5 Kg7 38. Kg2 Na2 39. Rc5 Nc1 40. Bf3 Rb8 41. Be4 Nb3 42. Rc7 Nd2 43. Bd5 b4 44. Bxf7 c3 45. bxc3 bxc3 46. Bd5+ Kf6 47. Rxc3 Rb2 48. g4 Nb1 49. Rb3 Rxb3 50. Bxb3 Nc3 51. Kf3 Nb5 52. g5+ Kg7 53. f5 Nd6 54. Kf4 Nb7 55. e4 Nc5 56. Bc4 Na4 57. g6 Nb2 58. Bb5 Nd1 59. f3 Nc3 60. Bc4 Na4 61.
Kg5 Nb6 62. f6+ 1-0

[Event "*** Titled Tuesday Blitz"]
[Site "Chess.com"]
[Date "2020.05.12"]
[Round "6"]
[White "dianosky"]
[Black "salomez"]
[Result "1/2-1/2"]
[WhiteElo "2403"]
[BlackElo "2248"]
[TimeControl "180+1"]
[EndTime "11:07:24 PDT"]
[Termination "Game drawn - insufficient material"]

1. d4 Nf6 2. c4 g6 3. Nc3 d5 4. Bg5 Bg7 5. Bxf6 Bxf6 6. cxd5 c5 7. dxc6 Bxd4 8. cxb7 Bxb7 9. Nf3 Bxc3+ 10. bxc3 Qc7 11.
Qa4+ Nc6 12. e3 O-O 13. Be2 Ne5 14. c4 Nxf3+ 15. gxf3 Bc6 16. Qb4 Rab8 17. Qc5 Qb7 18.
e4 Rfc8 19. Qa5 Bxe4 20. fxe4 Qxe4 21. f3 Qh4+ 22. Kf1 Rb2 23. Qe5 Qh3+ 24. Kf2 Qh4+ 25.
Kg2 Rc2 26. Rhc1 R8xc4 27. Rxc2 Rxc2 28. Rd1 Qf6 29. Rd8+ Kg7 30. Qxf6+ Kxf6 31. Kf2 Rxa2 32. h4 h5 33. Ra8 a5 34. Ke3 e6 35. Bd3 Ra3 36. Rb8 Ra1 37. Rb5 Rh1 38. Rxa5 Rxh4 39. Ra2 Rb4 40. Ra7 Rh4 41. Bb5 Kg5 42. Rxf7 Rb4 43. Bd3 Rb3 44. Rg7 h4 45. Rxg6+ Kh5 46. Rg1 h3 47. Kd2 Kh4 48. Kc2 h2 49. Rh1 Rxd3 50.
Kxd3 Kg3 51. Ke4 Kg2 52. Rb1 h1=Q 53. Rxh1 Kxh1 54. f4 Kg2 55. Ke5 Kg3 56. Ke4 Kg4 57.
Ke5 Kg3 58. Kxe6 Kxf4 1/2-1/2

[Event "*** Titled Tuesday Blitz"]
[Site "Chess.com"]
[Date "2020.05.12"]
[Round "6"]
[White "Philos_85"]
[Black "MartinMatthiesen"]
[Result "1-0"]
[WhiteElo "2261"]
[BlackElo "2396"]
[TimeControl "180+1"]
[EndTime "11:07:24 PDT"]
[Termination "Philos_85 won by resignation"]

1. d4 Nf6 2. Nf3 g6 3. Bg5 Bg7 4. Nbd2 d5 5. c3 O-O 6. e3 Nbd7 7. Be2 c5 8. O-O b6 9. a4 a6 10. b4 Ne4 11. Nxe4 dxe4 12. Nd2 cxb4 13. cxb4 Bb7 14. Qb3 h6 15. Bh4 g5 16. Bg3 e5 17. dxe5 Nxe5 18. Rad1 Qe7 19. Nc4 Nxc4 20. Bxc4 Rfd8 21. h3 Rac8 22.
b5 a5 23. Rxd8+ Rxd8 24. Rd1 Rxd1+ 25. Qxd1 Bc8 26. Qd6 Qxd6 27. Bxd6 Bf8 28. Be5 Bc5 29. Kf1 Kf8 30. Ke2 Ke7 31. Kd2 Be6 32. Kc3 Bb4+ 33. Kb3 Be1 34. f3 exf3 35. gxf3 Bxc4+ 36. Kxc4 Kd7 37. Bg7 h5 38. Bf6 Bh4 39. f4 Bf2 40. fxg5 Bxe3 41. Kd5 Bc5 42. Bc3 Bf8 43. Bf6 Bc5 44.
h4 Bf2 45. Ke4 Bxh4 46. Kf5 Kd6 47. Bd4 Ke7 48. Bxb6 Be1 49. Bc5+ Kd7 50. Kf6 h4 51. Kxf7 h3 52. Bg1 Bg3 53. g6 h2 54. Bxh2 Bxh2 55. g7 Bc7 56. g8=Q Kd6 57. Qe8 Kc5 58. Qc6+ Kb4 59. Qxc7 Kxa4 60. Qc5 Kb3 61. b6 1-0

[Event "*** Titled Tuesday Blitz"]
[Site "Chess.com"]
[Date "2020.05.12"]
[Round "6"]
[White "chenrip"]
[Black "letantha"]
[Result "1-0"]
[WhiteElo "2332"]
[BlackElo "2157"]
[TimeControl "180+1"]
[EndTime "11:07:24 PDT"]
[Termination "chenrip won on time"]

1. e4 c5 2. Nf3 g6 3. Nc3 Bg7 4.
Bc4 Nc6 5. d3 d6 6. a3 Nf6 7. h3 O-O 8. Bd2 a6 9. Qc1 b5 10. Ba2 b4 11. Nd5 e6 12. Ne3 bxa3 13. bxa3 Rb8 14. Rb1 Rxb1 15. Qxb1 Qc7 16. O-O Bd7 17.
Nc4 Rb8 18. Qc1 Ne8 19. Bf4 Na5 20. Qd2 Nxc4 21. Bxc4 Bb5 22. Bb3 c4 23. Ba2 Qc6 24. Rb1 Rc8 25. d4 d5 26. e5 c3 27. Qe3 Bf8 28. Bh6 Bxa3 29. Ng5 Ng7 30. Bxg7 Kxg7 31. Qf4 Qd7 32. Qf6+ Kg8 33. Qf3 Qe7 34. h4 h6 35. Nh3 Qxh4 36. Rb3 Be7 37. Rxc3 Rxc3 38.
Qxc3 Qe4 39. Bb3 Kg7 40. Kh1 Bh4 41. Kg1 Bg5 42. Qg3 Qe2 43. Nxg5 hxg5 44. Qxg5 Qf1+ 45. Kh2 Qxf2 46. Qg4 Bf1 47. Ba4 Be2 48. Qg3 Qxd4 49. Be8 Qg4 50. Qf2 Qh5+ 51. Kg1 Qg4 52. Qxf7+ Kh6 53.
Qf8+ Kg5 54. Qf2 Bc4 55. Bf7 Qd1+ 56. Kh2 Qh5+ 57. Kg1 Qd1+ 58. Kh2 Qh5+ 59. Kg1 Qh4 60. Qf6+ Kg4 61. Qxg6+ Qg5 62. Bxe6+ Kf4 63. Qf6+ 1-0

[Event "*** Titled Tuesday Blitz"]
[Site "Chess.com"]
[Date "2020.05.12"]
[Round "6"]
[White "cukin84"]
[Black "wanyaland"]
[Result "1-0"]
[WhiteElo "2131"]
[BlackElo "2296"]
[TimeControl "180+1"]
[EndTime "11:07:25 PDT"]
[Termination "cukin84 won by resignation"]

1. e4 c5 2. Nc3 d6 3. f4 g6 4. Nf3 Bg7 5. d3 e6 6. g3 Ne7 7. Bg2 Nbc6 8. O-O O-O 9. Nh4 f5 10. Nf3 Rb8 11. a4 Nd4 12. Nxd4 cxd4 13. Ne2 Bd7 14.
c3 dxc3 15. bxc3 Rc8 16. Rb1 b6 17. d4 Qc7 18. e5 Nd5 19. Bxd5 exd5 20. Ba3 Rfe8 21.
Bxd6 Qc6 22. Ra1 Qc4 23. Rf2 Rc6 24. Bb4 Rec8 25. Kg2 h6 26. Ng1 a5 27. Bd6 Qxc3 28.
Nf3 Rc4 29. Ra3 Qc1 30. Qxc1 Rxc1 31. Rb2 R8c2+ 32. Rxc2 Rxc2+ 33. Kh3 Kf7 34. Rb3 Rc6 35. Ne1 g5 36. Nd3 g4+ 37. Kh4 Ke6 38. h3 Bf6+ 39.
exf6 Rxd6 40. Ne5 Bxa4 41. f7 Ke7 42. Rc3 Rd8 43. Rc7+ Kf6 44. hxg4 fxg4 45. Nxg4+ Kg7 46. Ne5 Bb3 47. Nc6 Rf8 48. Nd8 Kf6 49. Nc6 a4 50.
Ne5 a3 51. Nd7+ Kg7 52. Nxf8 Kxf8 53. Ra7 a2 54. g4 Kg7 55. g5 hxg5+ 56. fxg5 b5 57. g6 Ba4 58. Ra8 a1=Q 59. Rg8+ 1-0

[Event "*** Titled Tuesday Blitz"]
[Site "Chess.com"]
[Date "2020.05.12"]
[Round "6"]
[White "GadimbayliA"]
[Black "Hanging_pointer"]
[Result "1/2-1/2"]
[WhiteElo "2825"]
[BlackElo "2597"]
[TimeControl "180+1"]
[EndTime "11:07:26 PDT"]
[Termination "Game drawn - insufficient material"]

1. e4 c6 2. Nf3 d5 3. exd5 cxd5 4. Ne5 Nc6 5. d4 Nf6 6. c3 a6 7. Bd3 e6 8. Nd2 Nxe5 9. dxe5 Nd7 10. Nf3 Be7 11. O-O b6 12. Qe2 Bb7 13. Bf4 Nc5 14.
Bc2 O-O 15. Rfe1 Qc7 16. Nd4 Ne4 17. Qh5 g6 18. Qh3 Bg5 19. Rxe4 dxe4 20. Bxg5 Qxe5 21. Be7 Rfe8 22. Qh4 Bd5 23. Bf6 Qh5 24. Qxh5 gxh5 25.
Re1 h6 26. f3 e5 27. Nf5 exf3 28. Ne7+ Rxe7 29. Bxe7 fxg2 30. Rxe5 Bxa2 31. Bf6 Kf8 32.
Kxg2 h4 33. Kh3 Rc8 34. Be4 Be6+ 35. Bf5 Rc6 36. Bxe6 fxe6 37. Bxh4 Kf7 38. Bg3 Rc4 39. Re3 a5 40. Rf3+ Ke7 41. Rf4 Rc5 42. Bf2 Rb5 43. Bh4+ Kd6 44. Rf2 Kd5 45. Kg4 Kc4 46. Bf6 Kd3 47. h4 h5+ 48. Kg3 e5 49. Rf5 Rxb2 50.
Rxe5 a4 51. c4 Rb3 52. Rb5 Kxc4+ 53. Rxb3 Kxb3 54. Kf4 Kc2 55. Kg5 b5 56. Kxh5 b4 57.
Kg6 b3 58. h5 a3 59. h6 b2 60.
Bxb2 axb2 61. h7 b1=Q 62. h8=Q Kc1+ 63. Kg7 Qb2+ 64. Kg8 Qxh8+ 65. Kxh8 1/2-1/2

[Event "*** Titled Tuesday Blitz"]
[Site "Chess.com"]
[Date "2020.05.12"]
[Round "6"]
[White "Niclox"]
[Black "Chepaschess"]
[Result "0-1"]
[WhiteElo "2586"]
[BlackElo "2768"]
[TimeControl "180+1"]
[EndTime "11:07:27 PDT"]
[Termination "Chepaschess won by resignation"]

1. e4 c5 2. Nf3 d6 3. Bc4 Nf6 4. e5 dxe5 5. Nxe5 e6 6. Qe2 Be7 7. O-O O-O 8. Re1 Qc7 9. a4 Nc6 10. Nxc6 Qxc6 11. a5 Nd5 12. d3 Bd7 13. Nc3 Nxc3 14.
bxc3 Bf6 15. Bd2 b5 16. axb6 axb6 17. Rab1 Qc7 18. Bb5 Ra2 19. Bxd7 Qxd7 20. Rxb6 Rxc2 21. Rc1 Rxc1+ 22. Bxc1 Bxc3 23. Be3 Ra8 24. Rb1 Bd4 25. h3 h6 26. Rc1 Ra3 27. Bxd4 Qxd4 28. Rc4 Ra1+ 29.
Kh2 Qd6+ 30. g3 Ra3 31. Qe3 Rxd3 32. Qxc5 Qxc5 33. Rxc5 g5 34. Kg2 Rd4 35. Ra5 Kg7 36.
Rb5 Kg6 37. Ra5 h5 38. Rb5 f6 39. Ra5 f5 40. Ra8 h4 41. Rg8+ Kf6 42. gxh4 Rxh4 43. Rf8+ Kg7 44. Re8 Kf7 45. Ra8 Rb4 46. Ra7+ Kf6 47.
Ra8 Ke5 48. Ra5+ Kf4 49. Ra6 e5 50. Ra3 e4 51. Rc3 Rd4 52. Rb3 Rd3 53. Rb4 Rd2 54. Rb3 Re2 55. Rc3 e3 56. Rc4+ Ke5 57. Kf3 Rxf2+ 58.
Kxe3 Rh2 59. h4 Rxh4 60. Rc5+ Ke6 61. Rc6+ Kd5 62. Ra6 Re4+ 63. Kf3 Rd4 64. Rg6 Rg4 65. Ra6 Rd4 66. Kg3 Ke5 67. Ra5+ Rd5 68. Ra4 Rc5 69. Kf2 f4 70. Rb4 g4 0-1

[Event "*** Titled Tuesday Blitz"]
[Site "Chess.com"]
[Date "2020.05.12"]
[Round "6"]
[White "FedaMaster"]
[Black "Sjakkerntobi"]
[Result "1-0"]
[WhiteElo "2541"]
[BlackElo "2303"]
[TimeControl "180+1"]
[EndTime "11:07:28 PDT"]
[Termination "FedaMaster won by checkmate"]

1. e4 e6 2. d4 d5 3. exd5 exd5 4. Nf3 Nf6 5. Bd3 c5 6. O-O Be7 7. dxc5 O-O 8. Be3 Nc6 9. c3 Bg4 10. Nbd2 Rc8 11. b4 a5 12. a3 Re8 13. h3 Bh5 14. Re1 Bf8 15. Qc2 axb4 16. axb4 Ne4 17. Nxe4 Bxf3 18. Ng5 Be4 19. Nxe4 dxe4 20. Bxe4 Qh4 21.
Bxc6 bxc6 22. Bd4 Be7 23. Qf5 Bg5 24. g3 Qh6 25. h4 Bd2 26. Rxe8+ Rxe8 27. Qd7 Rf8 28. Ra6 Bxc3 29. Bxc3 Qc1+ 30. Kg2 Qxc3 31. Rb6 h5 32. Qxc6 Rd8 33. Qf3 Qc4 34. Qxh5 g6 35. Qf3 Rd3 36. Qf6 Qe4+ 37. Kh2 Qe8 38. Rd6 Rxd6 39. cxd6 Kh7 40. Qe7 Qc6 41. Qxf7+ Kh6 42.
d7 Qd6 43. Qf4+ Kh7 44. Qxd6 Kh6 45. Qxg6+ Kxg6 46. h5+ Kxh5 47. d8=Q Kg4 48. Qd4+ Kf3 49. Qf4+ Ke2 50. Qe3+ Kf1 51. Qf3 Ke1 52. Qg2 Ke2 53.
f4+ Kd3 54. f5 Kc4 55. f6 Kxb4 56. f7 Kc5 57. Qe2 Kd5 58. f8=Q Kc6 59. Qff1 Kb6 60. Qb1+ Kc6 61. Qc1+ Kd5 62. Qcd1+ Kc5 63. Qec2+ Kb4 64.
Qdb1+ Ka3 65. Qca2# 1-0

[Event "*** Titled Tuesday Blitz"]
[Site "Chess.com"]
[Date "2020.05.12"]
[Round "6"]
[White "Bubar"]
[Black "Efremov_Vlad"]
[Result "1-0"]
[WhiteElo "2328"]
[BlackElo "2129"]
[TimeControl "180+1"]
[EndTime "11:07:28 PDT"]
[Termination "Bubar won by resignation"]

1. d4 d5 2. Nf3 Nf6 3. c4 e6 4.
Nc3 c5 5. cxd5 Nxd5 6. e3 Nc6 7. Be2 Be7 8. O-O O-O 9. a3 b6 10. Bd2 Bb7 11. Rc1 Rc8 12. Qa4 Nxc3 13. Bxc3 cxd4 14.
Nxd4 Qc7 15. Nb5 Qb8 16. Qg4 Ne5 17. Qg3 Bf6 18. Rfd1 Rfd8 19. f4 Ng6 20. Bxf6 gxf6 21. Rxc8 Qxc8 22. Nd6 Qc7 23. Nxb7 Rxd1+ 24. Bxd1 Qxb7 25.
h4 Kh8 26. h5 Nf8 27. Bf3 Qe7 28. e4 Nd7 29. h6 Qf8 30. Qh4 Qg8 31. e5 Qg6 32.
Bc6 Nc5 33. Qxf6+ Qxf6 34. exf6 Nd3 35. g3 Nxb2 36. Kf2 Nc4 37. a4 Nd6 38. g4 a6 39.
g5 b5 40. axb5 axb5 41. Ke3 Kg8 42. Kd4 Nf5+ 43. Kc5 Ne3 44. Be4 Kh8 45. Kxb5 Nd1 46. Kc5 Nf2 47. Kd4 Nd1 48. Bd3 Nb2 49. Ke3 Na4 50. Be4 Nc5 51. Kd4 Nd7 52. f5 exf5 53. Bxf5 Nb6 54. Be4 Kg8 55. Bd3 Nd7 56. Kd5 Nf8 57.
Bf5 Kh8 58. Kd6 Kg8 59. Ke7 Ng6+ 60. Bxg6 hxg6 61. h7+ Kxh7 62. Kxf7 Kh8 63. Ke7 Kg8 64. f7+ Kg7 1-0

[Event "*** Titled Tuesday Blitz"]
[Site "Chess.com"]
[Date "2020.05.12"]
[Round "6"]
[White "moro182"]
[Black "Paralinch"]
[Result "1-0"]
[WhiteElo "2683"]
[BlackElo "2866"]
[TimeControl "180+1"]
[EndTime "11:07:30 PDT"]
[Termination "moro182 won by resignation"]

1. d4 d5 2. Bf4 c5 3. e3 Nc6 4.
Nf3 Nf6 5. Nbd2 Bf5 6. c3 e6 7.
Qb3 Qb6 8. Qxb6 axb6 9. Bb5 Nd7 10. O-O f6 11. Rfe1 g5 12. Bg3 Kf7 13. dxc5 Nxc5 14.
Nd4 Nxd4 15. exd4 Na4 16. Bxa4 Rxa4 17. a3 Be7 18. Bc7 Ra6 19. Nf1 Rc8 20. Bg3 h5 21. h4 g4 22. Bf4 Ra5 23. Rad1 Rb5 24. Rd2 Rc6 25. Bh2 Bd8 26. Ng3 Bg6 27. Ne2 f5 28.
Bg3 Ke8 29. Nf4 Bf7 30. Rde2 Kd7 31. Nd3 Bf6 32. Kh2 Ra5 33. Bf4 Ra8 34. Bg5 Bg7 35. Kg3 Re8 36. Kf4 Bg8 37. f3 Bh7 38. Nb4 Rcc8 39.
Nd3 Rc6 40. Re3 Rc4 41. Nb4 Bf8 42. Nd3 Bd6+ 43. Ne5+ Kc8 44. Bf6 Rg8 45. Bg5 b5 46.
Kg3 Rg7 47. f4 Rcc7 48. Nd3 Bg8 49. Bf6 Rgd7 50. Be5 b6 51. Bxd6 Rxd6 52. Kf2 Kb7 53. Nc1 Bf7 54. Nd3 Bg8 55. Ke2 Rc4 56. Kd2 Rc7 57. Nf2 Rd8 58. Nd3 Rd6 59. Kc2 Ka6 60.
Ne5 Kb7 61. Kb3 Rd8 62. Kb4 Ka6 63. Kb3 Rd6 64. Ra1 Kb7 65. a4 bxa4+ 66. Rxa4 Rd8 67. Re1 Rb8 68. Rea1 Kc8 69. Ra8 Rb7 70. Kb4 Kc7 71.
Rxb8 Kxb8 72. Kb5 Bh7 73. Ra6 Kc7 74. Ra8 1-0

[Event "*** Titled Tuesday Blitz"]
[Site "Chess.com"]
[Date "2020.05.12"]
[Round "6"]
[White "kuban1991"]
[Black "MPGM"]
[Result "1-0"]
[WhiteElo "2738"]
[BlackElo "2534"]
[TimeControl "180+1"]
[EndTime "11:07:30 PDT"]
[Termination "kuban1991 won on time"]

1. Nf3 b6 2. g3 Bb7 3. Bg2 f5 4. O-O Nf6 5. a4 a5 6. d3 g6 7.
Nbd2 Bg7 8. e4 e6 9. e5 Nd5 10.
Nc4 O-O 11. Bg5 Qe8 12. Qd2 f4 13. Nd4 Nc6 14. Nxc6 Bxc6 15. Rae1 Qf7 16. Bxf4 Nxf4 17. Bxc6 dxc6 18. Qxf4 Qxf4 19. gxf4 Rxf4 20. Re4 Raf8 21. Rxf4 Rxf4 22. Kg2 b5 23. Nxa5 Rxa4 24. Nxc6 Ra6 25. Nd4 Bxe5 26. Nxb5 Rb6 27. c4 c6 28. Nc3 Rxb2 29. Ne4 Bd4 30. Kf3 Rb7 31. h3 e5 32.
Re1 Rb3 33. Rd1 c5 34. Nf6+ Kf7 35. Ne4 Rb2 36. Rd2 Rb3 37. Nd6+ Ke6 38. Ne4 Ra3 39.
Ng5+ Kf5 40. Nxh7 Ra1 41. h4 Rh1 42. Kg3 Rg1+ 43. Kh2 Rg4 44. Kh3 Rf4 45. Ng5 Bxf2 46. Ne4 Rxh4+ 47. Kg2 Bd4 48. Re2 Rh8 49. Nd6+ Kg4 50.
Nf7 Ra8 51. Nxe5+ Bxe5 52. Rxe5 Ra2+ 53. Kf1 Rd2 54. Rd5 g5 55. Ke1 Ra2 56. Rxc5 Kf4 57.
Rc8 Ke3 58. Kf1 Kxd3 59. c5 Rc2 60. c6 Ke3 61. c7 Kf3 62. Rf8+ 1-0

[Event "*** Titled Tuesday Blitz"]
[Site "Chess.com"]
[Date "2020.05.12"]
[Round "6"]
[White "Love_craft"]
[Black "Ginzburg_Yakov"]
[Result "1-0"]
[WhiteElo "2578"]
[BlackElo "2395"]
[TimeControl "180+1"]
[EndTime "11:07:30 PDT"]
[Termination "Love_craft won by checkmate"]

1. Nf3 Nf6 2. g3 g6 3. Bg2 Bg7 4. d4 O-O 5. c4 c6 6. O-O d5 7. cxd5 cxd5 8. Ne5 Nc6 9. Nxc6 bxc6 10. Nc3 Bf5 11.
Bf4 Nh5 12. Bg5 Rb8 13. Qd2 Re8 14. b3 Qb6 15. Be3 Nf6 16. Na4 Qd8 17. Nc5 Nd7 18. Rac1 e5 19. Bg5 f6 20. Be3 Nxc5 21. Rxc5 Bd7 22. dxe5 fxe5 23. Bxd5+ cxd5 24. Rxd5 Bh3 25. Rxd8 Rbxd8 26. Qa5 Rd7 27. Re1 e4 28. Qg5 Red8 29.
Qh4 Rd1 30. Qxh3 Rxe1+ 31. Kg2 Rxe2 32. Qe6+ Kh8 33. Qxe4 Rxa2 34. Qe7 Rg8 35. Bxa7 Rb2 36. b4 h6 37. Bc5 Kh7 38. Qd7 h5 39. b5 Rc2 40. Ba7 Rf8 41. Bd4 Rg8 42. Be5 Re2 43. Bc3 Rc2 44. Ba1 Ra2 45. Bxg7 Rxg7 46. Qd5 Rb2 47. h4 Re7 48. Qc5 Ree2 49. b6 Kh6 50.
Qd4 Red2 51. Qh8# 1-0

[Event "*** Titled Tuesday Blitz"]
[Site "Chess.com"]
[Date "2020.05.12"]
[Round "6"]
[White "manuellarrea"]
[Black "Lennis93"]
[Result "0-1"]
[WhiteElo "2199"]
[BlackElo "2375"]
[TimeControl "180+1"]
[EndTime "11:07:31 PDT"]
[Termination "Lennis93 won on time"]

1. e4 c6 2. d4 d5 3. exd5 cxd5 4. c4 Nf6 5. Nc3 e6 6. Nf3 Nc6 7. a3 Bd6 8. c5 Bc7 9. b4 e5 10. b5 Nxd4 11. Nxd4 exd4 12. Qxd4 O-O 13. Bf4 Re8+ 14. Be2 Ba5 15. Bd2 Ne4 16. Nxe4 Rxe4 17. Qb2 Bg4 18. f3 Qh4+ 19. Kf1 Rae8 20. Bxa5 Rxe2 21. Qxe2 Rxe2 22. Kxe2 Be6 23. Bb4 Qc4+ 24. Kf2 Qxb5 25. Rhc1 a5 26. Be1 Qb2+ 27. Kg3 Qe5+ 28. Kf2 Qd4+ 29.
Kg3 g5 30. h3 Qf4+ 31. Kf2 a4 32. Bb4 d4 33. Re1 d3 34. Rad1 Qf5 35. Rd2 Bc4 36. Re4 Ba6 37. Re3 h5 38. Re4 Kh7 39. Ke3 Kg6 40. Kf2 Kf6 41. Ke3 Kg6 42. Kf2 f6 43. Ke3 Bb5 44. Kf2 Bc6 45. Re3 Bb5 46. Re4 Qd5 47.
Ke3 Qb3 48. Rd4 Qb1 49. Kf2 Qc1 50. Rd6 Kf5 51. Rd5+ Ke6 52. Rd6+ Ke5 53. Rd8 g4 54. hxg4 hxg4 55. fxg4 Kf4 56. Rd4+ Kg5 57. Ke3 Qg1+ 58. Ke4 Qf1 0-1

[Event "*** Titled Tuesday Blitz"]
[Site "Chess.com"]
[Date "2020.05.12"]
[Round "6"]
[White "RestartingChess"]
[Black "fridaywins"]
[Result "1/2-1/2"]
[WhiteElo "2518"]
[BlackElo "2255"]
[TimeControl "180+1"]
[EndTime "11:07:33 PDT"]
[Termination "Game drawn - insufficient material"]

1. e4 e5 2. Nf3 Nc6 3. Bc4 Bc5 4. c3 Qe7 5. O-O d6 6. d4 Bb6 7. Re1 Nf6 8. b4 O-O 9. a4 a5 10.
b5 Nb8 11. Ba3 Nbd7 12. Nbd2 Re8 13. Nf1 Qd8 14. Ng3 exd4 15. cxd4 Nf8 16. h3 Be6 17. Qb3 Bxc4 18. Qxc4 d5 19. exd5 Qxd5 20. Qxd5 Nxd5 21. Bc5 Ne6 22. Re5 Nxc5 23. Rxd5 Ne6 24. Rd1 Red8 25.
Rxd8+ Rxd8 26. d5 Nf4 27. Nf5 g6 28. Nh6+ Kg7 29. Ng4 Rxd5 30. Re1 h5 31. Nge5 Nd3 32. Nxd3 Rxd3 33. Re7 Rd1+ 34. Kh2 Bxf2 35. Rxc7 h4 36. Nxh4 Bxh4 37. Rxb7 Bf6 38. Ra7 Bc3 39. Kg3 Rb1 40. Kf3 g5 41. Ke4 Kf6 42. Kd3 Be5 43. Rxa5 Rb3+ 44.
Ke4 Rb4+ 45. Kd5 Rd4+ 46. Kc5 Rd2 47. Ra6+ Kf5 48. b6 Bd4+ 49. Kc6 Rc2+ 50. Kd5 Be3 51. b7 Rb2 52. Kc6 Kf4 53. Ra5 Kg3 54. Rb5 Rxb5 55. Kxb5 Ba7 56. Ka6 Bb8 57. Kb6 Kxg2 58. a5 Kxh3 59.
a6 g4 60. a7 Bxa7+ 61. Kxa7 g3 62. b8=Q g2 63. Qh8+ Kg3 64. Qg7+ Kh2 65. Qh6+ Kg1 66.
Kb6 Kf1 67. Qf6+ Ke2 68. Qe7+ Kf3 69. Qxf7+ Ke3 70. Qg6 Kf2 71. Qf5+ Kg3 72. Qg5+ Kf3 73. Qf5+ Kg3 74. Qg5+ Kf2 75. Kc5 g1=Q 76. Qf4+ Ke2+ 77.
Kc4 Qe3 78. Qh2+ Qf2 79. Qh5+ Qf3 80. Qe5+ Qe3 81. Qb2+ Qd2 82. Qxd2+ Kxd2 1/2-1/2